Hartford Whalers vs Los Angeles Kings
Created - Monday, November 11, 2024 at 08:56
Goals
|
| Hartford Whalers |
3 |
2 |
0 |
5 |
| Los Angeles Kings |
0 |
0 |
3 |
3 |
|
Shots
|
| Hartford Whalers |
9 |
15 |
15 |
39 |
| Los Angeles Kings |
7 |
9 |
15 |
31 |
|
1st period
1. Hartford Whalers , Nick Suzuki 32 (Matt Duchene 28, Brandon Montour 25) at 13:47
2. Hartford Whalers , Morgan Frost 25 (T.J. Oshie 24, Charlie McAvoy 23) at 15:06
3. Hartford Whalers , Kaapo Kakko 13 (Miles Wood 9, Tomas Tatar 12) at 16:01
Penalties :
Ryan Reaves (LAK) for Hooking (Minor) at 4:22, Michael Milne (LAK) for Hooking (Minor) at 10:49
2nd period
4. Hartford Whalers , Kaapo Kakko 14 (Miles Wood 10) at 8:25
5. Hartford Whalers , Nick Suzuki 33 (Matt Duchene 29) at 18:15
Penalties :
Tyler Myers (HFD) for Roughing (Minor) at 4:11, Michael Eyssimont (LAK) for Tripping (Minor) at 12:33
3rd period
6. Los Angeles Kings , Andrei Svechnikov 17 (Adam Fantilli 28) at 0:47
7. Los Angeles Kings , Noah Dobson 9 (Andrei Kuzmenko 24) at 8:52 (PP)
8. Los Angeles Kings , Adam Fantilli 23 (Erik Brannstrom 7, Michael Milne 4) at 16:13
Penalties :
Michael Eyssimont (LAK) for Fighting (Major) at 2:16, Samuel Girard (HFD) for Fighting (Major) at 2:16, Joshua Norris (HFD) for High sticking (Minor) at 7:51
Goalie Stats
Anton Forsberg (HFD), 28 saves from 31 shots - (0.903), W, 8-9-2, 60:00 minutes
Andrei Vasilevskiy (LAK), 34 saves from 39 shots - (0.872), L, 9-16-3, 60:00 minutes
Players Stats for Hartford Whalers
Player Name G A P +/- PIM S H SB GA TA FO MP PP MP PK MP
------------------------------------------------------------------------------------
Anthony Cirelli 0 0 0 1 0 4 2 1 0 0 0/0 19:17 2:58 1:25
Brandon Montour 0 1 1 1 0 2 0 1 0 1 0/0 22:45 2:45 1:59
Charlie McAvoy 0 1 1 1 0 4 2 1 0 0 0/0 23:24 3:12 1:01
Joshua Norris 0 0 0 0 2 4 4 0 1 0 6/13 16:13 2:59 0:00
Kaapo Kakko 2 0 2 2 0 2 3 0 2 0 0/1 14:41 0:00 1:27
Lukas Reichel 0 0 0 0 0 3 1 0 0 1 0/0 9:48 0:00 0:08
Matt Duchene 0 2 2 1 0 3 3 0 1 0 3/5 17:52 2:58 0:00
Matthew Coronato 0 0 0 0 0 3 0 0 0 0 0/0 9:48 0:00 0:08
Miles Wood 0 2 2 2 0 1 0 1 2 0 3/8 14:41 0:00 1:27
Morgan Frost 1 0 1 0 0 3 1 1 0 1 0/0 16:14 2:59 0:00
Nick Suzuki 2 0 2 1 0 4 1 0 0 0 12/21 19:17 2:58 1:25
Ryan McDonagh 0 0 0 1 0 1 1 0 1 1 0/0 24:17 3:12 1:01
Ryan Suter 0 0 0 1 0 1 1 2 0 0 0/0 20:38 2:45 0:00
Samuel Girard 0 0 0 1 5 1 0 0 0 0 0/0 14:29 0:00 1:59
T.J. Oshie 0 1 1 0 0 0 2 1 0 0 0/0 16:14 2:59 0:00
Tom Wilson 0 0 0 0 0 0 1 0 0 0 0/3 9:36 0:00 0:00
Tomas Tatar 0 1 1 2 0 3 1 1 1 0 0/0 13:14 0:00 0:00
Tyler Myers 0 0 0 1 2 0 0 1 0 0 0/0 14:29 0:00 0:00
Players Stats for Los Angeles Kings
Player Name G A P +/- PIM S H SB GA TA FO MP PP MP PK MP
------------------------------------------------------------------------------------
Adam Fantilli 1 1 2 1 0 3 2 1 0 1 9/14 13:41 1:22 0:00
Alexander Romanov 0 0 0 0 0 2 1 0 0 0 0/0 22:49 1:53 2:48
Andrei Kuzmenko 0 1 1 -1 0 2 1 0 0 1 2/4 17:59 1:38 2:58
Andrei Svechnikov 1 0 1 1 0 4 3 2 1 1 0/0 16:55 1:22 2:52
Blake Wheeler 0 0 0 -2 0 2 1 0 0 0 5/6 9:38 0:00 0:00
Erik Brannstrom 0 1 1 -1 0 2 0 1 0 0 0/0 14:50 0:00 0:00
Jakub Zboril 0 0 0 -1 0 1 0 0 0 1 0/0 14:50 0:00 0:00
K'Andre Miller 0 0 0 -2 0 0 1 2 0 0 0/0 22:21 1:07 3:09
Logan Cooley 0 0 0 -1 0 0 1 0 0 0 3/11 15:01 0:00 0:03
Michael Eyssimont 0 0 0 -1 7 1 1 0 0 0 4/10 13:06 0:00 0:04
Michael Milne 0 1 1 -1 2 4 3 2 1 1 0/0 21:09 1:03 0:00
Noah Dobson 1 0 1 -2 0 4 0 1 1 2 0/0 22:21 1:07 3:09
Owen Power 0 0 0 0 0 0 0 2 1 1 0/0 22:49 1:53 2:48
Peyton Krebs 0 0 0 -1 0 1 2 1 0 0 1/1 16:49 1:38 0:07
Ryan Reaves 0 0 0 0 2 0 0 0 0 0 0/0 3:37 0:19 0:00
Seth Jarvis 0 0 0 -1 0 1 1 0 0 0 3/5 19:57 1:38 2:52
Trent Frederic 0 0 0 -2 0 4 1 0 0 0 0/0 12:22 0:00 2:58
Vitali Kravtsov 0 0 0 -1 0 0 1 0 0 0 0/0 13:45 0:00 0:00
3 Stars
1 - Kaapo Kakko (HFD)
2 - Nick Suzuki (HFD)
3 - Adam Fantilli (LAK)
Power Play
Hartford Whalers - 0 on 3 Attempt(s) - 0.00%
Los Angeles Kings - 1 on 2 Attempt(s) - 50.00%
Penalty Kill
Hartford Whalers - 1 on 2 Attempt(s) - 50.00%
- Score 0 goal in Penalty Kill
Los Angeles Kings - 3 on 3 Attempt(s) - 100.00%
- Score 0 goal in Penalty Kill
Team Stat
Hartford Whalers - Hits : 23 - Faceoff Wins : 24 - Blocked Shots : 10 - Penalty Minutes : 9
Los Angeles Kings - Hits : 19 - Faceoff Wins : 27 - Blocked Shots : 12 - Penalty Minutes : 11
Official
Referees : Steve Kozari and Tom Chmielewski
Linesman : Joseph Mahon and Jonny Murray
Game Notes
11:45 of 1st period - Hartford Whalers goal is going for a video replay. After video review, No Goal. The net was displaced accidentally.
Michael Eyssimont beats up Samuel Girard at 2:16 of 3rd period
Finance
Level 1 -- Attendance: 5001 (83.35%) -- Ticket Income $500,100
Level 2 -- Attendance: 3673 (73.46%) -- Ticket Income $220,380
Level 3 -- Attendance: 2085 (69.50%) -- Ticket Income $72,975
Level 4 -- Attendance: 3693 (73.86%) -- Ticket Income $92,325
Luxury Box -- Attendance: 729 (72.90%) -- Ticket Income $145,800
Game was played at the Staples Center.
Total Attendance: 15181 (75.91%)
Total Ticket Income: $1,031,580
Other Income: $361,053
Total Income: $1,392,633
Hartford Whalers
5 vs 5 Forward
Center Left Wing Right Wing Time % Phy DF OF
1 Nick Suzuki Matt Duchene Anthony Cirelli 30 1 2 2
2 Joshua Norris T.J. Oshie Morgan Frost 30 1 2 2
3 Miles Wood Tomas Tatar Kaapo Kakko 25 1 2 2
4 Tom Wilson Lukas Reichel Matthew Coronato 15 1 2 2
5 vs 5 Defense
Defense Defense Time % Phy DF OF
1 Charlie McAvoy Ryan McDonagh 35 1 2 2
2 Brandon Montour Ryan Suter 35 1 2 2
3 Samuel Girard Tyler Myers 30 1 2 2
4 Charlie McAvoy Ryan McDonagh 0 1 2 2
PowerPlay Forward
Center Left Wing Right Wing Time % Phy DF OF
1 Nick Suzuki Matt Duchene Anthony Cirelli 50 1 2 2
2 Joshua Norris T.J. Oshie Morgan Frost 50 1 2 2
PowerPlay Defense
Defense Defense Time % Phy DF OF
1 Charlie McAvoy Ryan McDonagh 50 1 2 2
2 Ryan Suter Brandon Montour 50 1 2 2
Penalty Kill 4 Players Forward
Center Wing Time % Phy DF OF
1 Nick Suzuki Anthony Cirelli 50 1 2 2
2 Miles Wood Kaapo Kakko 50 1 2 2
Penalty Kill 4 Players Defense
Defense Defense Time % Phy DF OF
1 Charlie McAvoy Ryan McDonagh 50 1 2 2
2 Brandon Montour Samuel Girard 50 1 2 2
Penalty Kill - 3 Players Forward
Forward Time % Phy DF OF
1 Matt Duchene 50 1 2 2
2 Nick Suzuki 50 1 2 2
Penalty Kill - 3 Players Defense
Defense Defense Time % Phy DF OF
1 Charlie McAvoy Ryan McDonagh 50 1 2 2
2 Samuel Girard Ryan Suter 50 1 2 2
4 vs 4 Forward
Center Wing Time % Phy DF OF
1 Matt Duchene Nick Suzuki 50 1 2 2
2 Anthony Cirelli Tomas Tatar 50 1 2 2
4 vs 4 Defense
Defense Defense Time % Phy DF OF
1 Ryan McDonagh Charlie McAvoy 50 1 2 2
2 Ryan Suter Brandon Montour 50 1 2 2
Last Minutes Offensive
Center Left Wing Right Wing Defense Defense
Nick Suzuki Matt Duchene Anthony Cirelli Charlie McAvoy Ryan McDonagh
Last Minutes Defensive
Center Left Wing Right Wing Defense Defense
Nick Suzuki Matt Duchene Anthony Cirelli Charlie McAvoy Ryan McDonagh
Goaltenders
Starting : Anton Forsberg
Backup : Spencer Knight
Extra Forwards
Normal : Matthew Coronato, Nick Suzuki, Matt Duchene - PP : Anthony Cirelli, Joshua Norris - PK : Lukas Reichel
Extra Defensemen
Normal : Ryan McDonagh, Charlie McAvoy, Ryan Suter - PP : Charlie McAvoy - PK : Charlie McAvoy, Ryan McDonagh
Penalty Shots
Matthew Coronato, Nick Suzuki, Matt Duchene, Anthony Cirelli, Joshua Norris
Scratches
Kaiden Guhle (Healthy), Josh Anderson (Healthy), Jaden Schwartz (Healthy), Braden Schneider (Healthy), Jack Studnicka (Healthy)
Los Angeles Kings
5 vs 5 Forward
Center Left Wing Right Wing Time % Phy DF OF
1 Logan Cooley Peyton Krebs Seth Jarvis 30 1 2 2
2 Adam Fantilli Michael Milne Andrei Svechnikov 30 1 2 2
3 Michael Eyssimont Vitali Kravtsov Andrei Kuzmenko 25 1 2 2
4 Blake Wheeler Michael Milne Trent Frederic 15 1 2 2
5 vs 5 Defense
Defense Defense Time % Phy DF OF
1 Noah Dobson K'Andre Miller 35 1 2 2
2 Alexander Romanov Owen Power 35 1 2 2
3 Erik Brannstrom Jakub Zboril 30 1 2 2
4 Noah Dobson K'Andre Miller 0 1 2 2
PowerPlay Forward
Center Left Wing Right Wing Time % Phy DF OF
1 Andrei Kuzmenko Peyton Krebs Seth Jarvis 50 1 2 2
2 Adam Fantilli Michael Milne Andrei Svechnikov 50 1 2 2
PowerPlay Defense
Defense Defense Time % Phy DF OF
1 Noah Dobson K'Andre Miller 50 1 2 2
2 Alexander Romanov Owen Power 50 1 2 2
Penalty Kill 4 Players Forward
Center Wing Time % Phy DF OF
1 Seth Jarvis Andrei Svechnikov 50 1 2 2
2 Andrei Kuzmenko Trent Frederic 50 1 2 2
Penalty Kill 4 Players Defense
Defense Defense Time % Phy DF OF
1 Noah Dobson K'Andre Miller 50 1 2 2
2 Alexander Romanov Owen Power 50 1 2 2
Penalty Kill - 3 Players Forward
Forward Time % Phy DF OF
1 Seth Jarvis 50 1 2 2
2 Andrei Svechnikov 50 1 2 2
Penalty Kill - 3 Players Defense
Defense Defense Time % Phy DF OF
1 Noah Dobson K'Andre Miller 50 1 2 2
2 Alexander Romanov Owen Power 50 1 2 2
4 vs 4 Forward
Center Wing Time % Phy DF OF
1 Seth Jarvis Andrei Svechnikov 50 1 2 2
2 Andrei Kuzmenko Trent Frederic 50 1 2 2
4 vs 4 Defense
Defense Defense Time % Phy DF OF
1 Noah Dobson K'Andre Miller 50 1 2 2
2 Alexander Romanov Owen Power 50 1 2 2
Last Minutes Offensive
Center Left Wing Right Wing Defense Defense
Logan Cooley Peyton Krebs Seth Jarvis Noah Dobson K'Andre Miller
Last Minutes Defensive
Center Left Wing Right Wing Defense Defense
Logan Cooley Peyton Krebs Seth Jarvis Noah Dobson K'Andre Miller
Goaltenders
Starting : Andrei Vasilevskiy
Backup : Jonas Johansson
Extra Forwards
Normal : Seth Jarvis, Ryan Reaves, Michael Eyssimont - PP : Seth Jarvis, Ryan Reaves - PK : Michael Eyssimont
Extra Defensemen
Normal : Noah Dobson, Jakub Zboril, Alexander Romanov - PP : K'Andre Miller - PK : Jakub Zboril, Alexander Romanov
Penalty Shots
Seth Jarvis, Andrei Svechnikov, Andrei Kuzmenko, Trent Frederic, Peyton Krebs
Scratches
Ruslan Iskhakov (Healthy), Cooper Marody (Healthy), Nicklas Backstrom (Healthy), Joshua Brown (Healthy)
% Time on Ice - Hartford Whalers
Lines # - Real PCT - Wanted PCT - Time Play
Normal Forward
1 - 29% - 30% - 14:54
2 - 26% - 30% - 13:19
3 - 26% - 25% - 13:14
4 - 19% - 15% - 9:36
Normal Defense
1 - 35% - 35% - 17:42
2 - 35% - 35% - 17:53
3 - 30% - 30% - 15:10
4 - 1% - 0% - 0:18
PP Forward
1 - 50% - 50% - 2:58
2 - 50% - 50% - 2:59
PP Defense
1 - 54% - 50% - 3:12
2 - 46% - 50% - 2:45
PK Forward
1 - 47% - 50% - 1:25
2 - 53% - 50% - 1:35
PK Defense
1 - 34% - 50% - 1:01
2 - 66% - 50% - 1:59
PK3 Forward
1 - 0% - 50%
2 - 0% - 50%
PK3 Defense
1 - 0% - 50%
2 - 0% - 50%
44 Forward
1 - 0% - 50%
2 - 0% - 50%
44 Defense
1 - 0% - 50%
2 - 0% - 50%
Last Minute Offensive - 0:00
Last Minute Defensive - 0:00
Total
Forward - 60:00
Defense - 60:00
|
% Time on Ice - Los Angeles Kings
Lines # - Real PCT - Wanted PCT - Time Play
Normal Forward
1 - 30% - 30% - 15:32
2 - 24% - 30% - 12:22
3 - 27% - 25% - 13:45
4 - 18% - 15% - 9:24
Normal Defense
1 - 35% - 35% - 18:05
2 - 36% - 35% - 18:08
3 - 29% - 30% - 14:50
4 - 0% - 0% - 0:00
PP Forward
1 - 54% - 50% - 1:38
2 - 46% - 50% - 1:22
PP Defense
1 - 37% - 50% - 1:07
2 - 63% - 50% - 1:53
PK Forward
1 - 49% - 50% - 2:55
2 - 51% - 50% - 3:02
PK Defense
1 - 53% - 50% - 3:09
2 - 47% - 50% - 2:48
PK3 Forward
1 - 0% - 50%
2 - 0% - 50%
PK3 Defense
1 - 0% - 50%
2 - 0% - 50%
44 Forward
1 - 0% - 50%
2 - 0% - 50%
44 Defense
1 - 0% - 50%
2 - 0% - 50%
Last Minute Offensive - 0:00
Last Minute Defensive - 0:00
Total
Forward - 60:00
Defense - 60:00
|
Play-by-Play
1st period
0:01 of 1st period - Nick Suzuki wins face-off versus Logan Cooley in neutral zone.
0:08 of 1st period - K'Andre Miller is hit by Charlie McAvoy.
1:14 of 1st period - Alexander Romanov is hit by Tom Wilson and loses puck.
1:49 of 1st period - Owen Power is hit by Joshua Norris and loses puck.
2:13 of 1st period - Jakub Zboril is hit by Tomas Tatar and loses puck.
2:28 of 1st period - Snap shot by Andrei Kuzmenko.
2:28 of 1st period - Deflect By Michael Eyssimont.
2:28 of 1st period - Shot Misses the Net.
2:28 of 1st period - Puck is out of play.
2:29 of 1st period - Michael Eyssimont wins face-off versus Tom Wilson in Hartford Whalers zone.
2:30 of 1st period - Snap shot by Andrei Kuzmenko.
2:30 of 1st period - Shot Misses the Net.
2:32 of 1st period - Slapshot by Noah Dobson.
2:32 of 1st period - Stopped by Anton Forsberg with a rebound.
2:38 of 1st period - Snap shot by Andrei Kuzmenko.
2:38 of 1st period - Shot Misses the Net.
2:59 of 1st period - Snap shot by Matthew Coronato.
2:59 of 1st period - Shot Misses the Net.
3:01 of 1st period - Wrist shot by Nick Suzuki.
3:01 of 1st period - Shot Misses the Net.
3:03 of 1st period - Slapshot by Tyler Myers.
3:03 of 1st period - Shot Blocked by Michael Milne.
3:21 of 1st period - Slapshot by Logan Cooley.
3:21 of 1st period - Shot Misses the Net.
4:22 of 1st period - Minor Penalty to Ryan Reaves for Hooking.
4:23 of 1st period - Seth Jarvis wins face-off versus Nick Suzuki in Los Angeles Kings zone.
4:31 of 1st period - Wrist shot by Trent Frederic.
4:31 of 1st period - Stopped by Anton Forsberg with a rebound.
4:33 of 1st period - Slapshot by Owen Power.
4:33 of 1st period - Shot Misses the Net.
4:35 of 1st period - Wrist shot by Trent Frederic.
4:35 of 1st period - Shot Misses the Net.
6:22 of 1st period - Penalty to Ryan Reaves is over, Ryan Reaves is back on ice.
6:36 of 1st period - Erik Brannstrom is hit by Charlie McAvoy and loses puck.
6:53 of 1st period - Snap shot by Tomas Tatar.
6:53 of 1st period - Shot Misses the Net.
7:42 of 1st period - Tyler Myers is hit by Andrei Svechnikov.
8:37 of 1st period - Seth Jarvis is hit by Matt Duchene and loses puck.
9:11 of 1st period - Samuel Girard is hit by Trent Frederic and loses puck.
9:30 of 1st period - Wrist shot by Seth Jarvis.
9:30 of 1st period - Shot Misses the Net.
9:50 of 1st period - Tomas Tatar is hit by Andrei Kuzmenko and loses puck.
10:08 of 1st period - Icing by Charlie McAvoy.
10:09 of 1st period - Nick Suzuki wins face-off versus Logan Cooley in Hartford Whalers zone.
10:33 of 1st period - Snap shot by Matt Duchene.
10:33 of 1st period - Shot Misses the Net.
10:35 of 1st period - Snap shot by Anthony Cirelli.
10:35 of 1st period - Shot Misses the Net.
10:49 of 1st period - Minor Penalty to Michael Milne for Hooking.
10:50 of 1st period - Seth Jarvis wins face-off versus Joshua Norris in Los Angeles Kings zone.
11:27 of 1st period - Snap shot by Joshua Norris.
11:27 of 1st period - Shot Blocked by Andrei Svechnikov.
11:29 of 1st period - Wrist shot by Joshua Norris.
11:29 of 1st period - Deflect By Seth Jarvis.
11:29 of 1st period - Shot Blocked by Andrei Svechnikov.
11:29 of 1st period - Puck is out of play.
11:30 of 1st period - Matt Duchene wins face-off versus Andrei Kuzmenko in Los Angeles Kings zone.
11:43 of 1st period - Wrist shot by Matt Duchene.
11:43 of 1st period - Shot Misses the Net.
11:45 of 1st period - Snap shot by Anthony Cirelli.
11:45 of 1st period - Hartford Whalers goal is going for a video replay.
11:45 of 1st period - The goal is refused. The net was displaced accidentally..
11:46 of 1st period - Seth Jarvis wins face-off versus Nick Suzuki in Los Angeles Kings zone.
11:59 of 1st period - Wrist shot by Andrei Kuzmenko.
11:59 of 1st period - Deflect By Trent Frederic.
11:59 of 1st period - Shot Blocked by Anthony Cirelli.
11:59 of 1st period - Puck is out of play.
12:00 of 1st period - Andrei Kuzmenko wins face-off versus Joshua Norris in Hartford Whalers zone.
12:49 of 1st period - Penalty to Michael Milne is over, Michael Milne is back on ice.
13:07 of 1st period - Brandon Montour is hit by Michael Eyssimont.
13:45 of 1st period - Slapshot by Matt Duchene.
13:45 of 1st period - Stopped by Andrei Vasilevskiy with a rebound.
13:47 of 1st period - Slapshot by Nick Suzuki.
13:47 of 1st period - Goal by Nick Suzuki - Hartford Whalers : 1 - Los Angeles Kings : 0.
13:48 of 1st period - Joshua Norris wins face-off versus Adam Fantilli in neutral zone.
14:39 of 1st period - Seth Jarvis is hit by Kaapo Kakko and loses puck.
14:54 of 1st period - Snap shot by Morgan Frost.
14:54 of 1st period - Deflect By Trent Frederic.
14:54 of 1st period - Shot Misses the Net.
14:54 of 1st period - Puck is out of play.
14:55 of 1st period - Joshua Norris wins face-off versus Blake Wheeler in Los Angeles Kings zone.
15:00 of 1st period - Wrist shot by Morgan Frost.
15:00 of 1st period - Shot Misses the Net.
15:02 of 1st period - Slapshot by Charlie McAvoy.
15:02 of 1st period - Shot Blocked by Michael Milne.
15:04 of 1st period - Snap shot by T.J. Oshie.
15:04 of 1st period - Shot Misses the Net.
15:06 of 1st period - Slapshot by Morgan Frost.
15:06 of 1st period - Goal by Morgan Frost - Hartford Whalers : 2 - Los Angeles Kings : 0.
15:07 of 1st period - Adam Fantilli wins face-off versus Joshua Norris in neutral zone.
15:09 of 1st period - Off-side.
15:10 of 1st period - Adam Fantilli wins face-off versus Joshua Norris in neutral zone.
15:15 of 1st period - Snap shot by Andrei Svechnikov.
15:15 of 1st period - Shot Blocked by Brandon Montour.
15:23 of 1st period - Wrist shot by Joshua Norris.
15:23 of 1st period - Shot Misses the Net.
15:25 of 1st period - Slapshot by Joshua Norris.
15:25 of 1st period - Stopped by Andrei Vasilevskiy with a rebound.
16:01 of 1st period - Wrist shot by Miles Wood.
16:01 of 1st period - Deflect By Kaapo Kakko.
16:01 of 1st period - Goal by Kaapo Kakko - Hartford Whalers : 3 - Los Angeles Kings : 0.
16:02 of 1st period - Joshua Norris wins face-off versus Adam Fantilli in neutral zone.
16:05 of 1st period - Erik Brannstrom is hit by Joshua Norris and loses puck.
16:12 of 1st period - Snap shot by Joshua Norris.
16:12 of 1st period - Deflect By Erik Brannstrom.
16:12 of 1st period - Shot Blocked by Adam Fantilli.
16:12 of 1st period - Puck is out of play.
16:13 of 1st period - Joshua Norris wins face-off versus Adam Fantilli in Los Angeles Kings zone.
16:18 of 1st period - Wrist shot by Joshua Norris.
16:18 of 1st period - Stopped by Andrei Vasilevskiy with a rebound.
16:26 of 1st period - Wrist shot by Adam Fantilli.
16:26 of 1st period - Stopped by Anton Forsberg with a rebound.
16:28 of 1st period - Slapshot by K'Andre Miller.
16:28 of 1st period - Shot Blocked by Ryan Suter.
16:38 of 1st period - Snap shot by Michael Eyssimont.
16:38 of 1st period - Deflect By Andrei Kuzmenko.
16:38 of 1st period - Stopped by Anton Forsberg with a rebound.
17:36 of 1st period - Slapshot by Morgan Frost.
17:36 of 1st period - Shot Blocked by Owen Power.
17:46 of 1st period - Tyler Myers is hit by Adam Fantilli and loses puck.
17:55 of 1st period - Snap shot by Andrei Svechnikov.
17:55 of 1st period - Stopped by Anton Forsberg without a rebound.
17:56 of 1st period - Adam Fantilli wins face-off versus Matt Duchene in Hartford Whalers zone.
17:57 of 1st period - Wrist shot by Andrei Svechnikov.
17:57 of 1st period - Stopped by Anton Forsberg with a rebound.
17:59 of 1st period - Wrist shot by Michael Milne.
17:59 of 1st period - Stopped by Anton Forsberg with a rebound.
18:21 of 1st period - Erik Brannstrom is hit by Joshua Norris and loses puck.
18:38 of 1st period - Michael Eyssimont is hit by Morgan Frost and loses puck.
19:51 of 1st period - Wrist shot by Miles Wood.
19:51 of 1st period - Shot Misses the Net.
19:53 of 1st period - Slapshot by Ryan Suter.
19:53 of 1st period - Shot Misses the Net.
19:55 of 1st period - Snap shot by Tomas Tatar.
19:55 of 1st period - Shot Blocked by Erik Brannstrom.
19:57 of 1st period - Slapshot by Tomas Tatar.
19:57 of 1st period - Stopped by Andrei Vasilevskiy with a rebound.
19:59 of 1st period - Slapshot by Brandon Montour.
19:59 of 1st period - Stopped by Andrei Vasilevskiy without a rebound.
Goals for this period are 3 for Hartford Whalers vs 0 for Los Angeles Kings.
Shots for this period are 9 for Hartford Whalers vs 7 for Los Angeles Kings.
2nd period
0:01 of 2nd period - Nick Suzuki wins face-off versus Michael Eyssimont in neutral zone.
0:35 of 2nd period - Wrist shot by Joshua Norris.
0:35 of 2nd period - Stopped by Andrei Vasilevskiy with a rebound.
0:49 of 2nd period - Snap shot by Andrei Svechnikov.
0:49 of 2nd period - Shot Misses the Net.
0:58 of 2nd period - Off-side.
0:59 of 2nd period - Michael Eyssimont wins face-off versus Matt Duchene in neutral zone.
1:04 of 2nd period - Matt Duchene is hit by Alexander Romanov and loses puck.
1:25 of 2nd period - Joshua Norris is hit by Peyton Krebs and loses puck.
1:46 of 2nd period - Slapshot by Peyton Krebs.
1:46 of 2nd period - Stopped by Anton Forsberg with a rebound.
1:48 of 2nd period - Slapshot by Andrei Svechnikov.
1:48 of 2nd period - Stopped by Anton Forsberg with a rebound.
1:50 of 2nd period - Slapshot by Owen Power.
1:50 of 2nd period - Shot Blocked by Ryan Suter.
1:52 of 2nd period - Snap shot by Michael Milne.
1:52 of 2nd period - Shot Misses the Net.
2:09 of 2nd period - Off-side.
2:10 of 2nd period - Blake Wheeler wins face-off versus Miles Wood in neutral zone.
2:23 of 2nd period - Slapshot by Charlie McAvoy.
2:23 of 2nd period - Shot Hit the Post.
2:35 of 2nd period - Snap shot by Trent Frederic.
2:35 of 2nd period - Stopped by Anton Forsberg with a rebound.
2:37 of 2nd period - Slapshot by Erik Brannstrom.
2:37 of 2nd period - Deflect By Charlie McAvoy.
2:37 of 2nd period - Stopped by Anton Forsberg with a rebound.
2:39 of 2nd period - Snap shot by Trent Frederic.
2:39 of 2nd period - Deflect By Blake Wheeler.
2:39 of 2nd period - Shot Misses the Net.
2:39 of 2nd period - Puck is out of play.
2:40 of 2nd period - Logan Cooley wins face-off versus Nick Suzuki in Hartford Whalers zone.
3:05 of 2nd period - Andrei Kuzmenko is hit by Joshua Norris and loses puck.
3:50 of 2nd period - Snap shot by Charlie McAvoy.
3:50 of 2nd period - Stopped by Andrei Vasilevskiy with a rebound.
4:11 of 2nd period - Minor Penalty to Tyler Myers for Roughing.
4:12 of 2nd period - Peyton Krebs wins face-off versus Nick Suzuki in Hartford Whalers zone.
5:17 of 2nd period - Ryan McDonagh is hit by Andrei Svechnikov.
6:11 of 2nd period - Penalty to Tyler Myers is over, Tyler Myers is back on ice.
8:06 of 2nd period - Slapshot by Charlie McAvoy.
8:06 of 2nd period - Stopped by Andrei Vasilevskiy with a rebound.
8:08 of 2nd period - Slapshot by Brandon Montour.
8:08 of 2nd period - Stopped by Andrei Vasilevskiy with a rebound.
8:20 of 2nd period - Noah Dobson is hit by Kaapo Kakko and loses puck.
8:25 of 2nd period - Wrist shot by Miles Wood.
8:25 of 2nd period - Deflect By Kaapo Kakko.
8:25 of 2nd period - Goal by Kaapo Kakko - Hartford Whalers : 4 - Los Angeles Kings : 0.
8:26 of 2nd period - Matt Duchene wins face-off versus Michael Eyssimont in neutral zone.
8:29 of 2nd period - Michael Eyssimont is hit by Matt Duchene and loses puck.
9:00 of 2nd period - Snap shot by Andrei Svechnikov.
9:00 of 2nd period - Shot Blocked by Morgan Frost.
9:37 of 2nd period - Snap shot by Matthew Coronato.
9:37 of 2nd period - Stopped by Andrei Vasilevskiy with a rebound.
10:24 of 2nd period - Slapshot by Noah Dobson.
10:24 of 2nd period - Shot Blocked by T.J. Oshie.
10:40 of 2nd period - Backhand shot by Miles Wood.
10:40 of 2nd period - Stopped by Andrei Vasilevskiy with a rebound.
11:14 of 2nd period - Trent Frederic is hit by Anthony Cirelli and loses puck.
11:51 of 2nd period - Seth Jarvis is hit by T.J. Oshie and loses puck.
12:24 of 2nd period - Snap shot by Andrei Kuzmenko.
12:24 of 2nd period - Stopped by Anton Forsberg with a rebound.
12:26 of 2nd period - Snap shot by Michael Eyssimont.
12:26 of 2nd period - Stopped by Anton Forsberg without a rebound.
12:27 of 2nd period - Nick Suzuki wins face-off versus Michael Eyssimont in Hartford Whalers zone.
12:33 of 2nd period - Minor Penalty to Michael Eyssimont for Tripping.
12:34 of 2nd period - Nick Suzuki wins face-off versus Seth Jarvis in Los Angeles Kings zone.
12:34 of 2nd period - Snap shot by Matt Duchene.
12:34 of 2nd period - Stopped by Andrei Vasilevskiy without a rebound.
12:35 of 2nd period - Nick Suzuki wins face-off versus Seth Jarvis in Los Angeles Kings zone.
14:33 of 2nd period - Penalty to Michael Eyssimont is over, Michael Eyssimont is back on ice.
14:58 of 2nd period - Wrist shot by Seth Jarvis.
14:58 of 2nd period - Stopped by Anton Forsberg without a rebound.
14:59 of 2nd period - Blake Wheeler wins face-off versus Miles Wood in Hartford Whalers zone.
15:00 of 2nd period - Wrist shot by Trent Frederic.
15:00 of 2nd period - Shot Misses the Net.
15:06 of 2nd period - Snap shot by Trent Frederic.
15:06 of 2nd period - Shot Hit the Post.
16:56 of 2nd period - T.J. Oshie is hit by Michael Milne and loses puck.
17:03 of 2nd period - Michael Milne is hit by Ryan Suter and loses puck.
17:14 of 2nd period - Slapshot by Noah Dobson.
17:14 of 2nd period - Deflect By Matt Duchene.
17:14 of 2nd period - Stopped by Anton Forsberg with a rebound.
17:22 of 2nd period - Andrei Kuzmenko is hit by Anthony Cirelli.
17:55 of 2nd period - Snap shot by Lukas Reichel.
17:55 of 2nd period - Stopped by Andrei Vasilevskiy without a rebound.
17:56 of 2nd period - Blake Wheeler wins face-off versus Tom Wilson in Los Angeles Kings zone.
18:05 of 2nd period - Wrist shot by Matthew Coronato.
18:05 of 2nd period - Stopped by Andrei Vasilevskiy with a rebound.
18:07 of 2nd period - Slapshot by Charlie McAvoy.
18:07 of 2nd period - Deflect By Matthew Coronato.
18:07 of 2nd period - Stopped by Andrei Vasilevskiy with a rebound.
18:09 of 2nd period - Slapshot by Ryan McDonagh.
18:09 of 2nd period - Stopped by Andrei Vasilevskiy with a rebound.
18:11 of 2nd period - Snap shot by Lukas Reichel.
18:11 of 2nd period - Stopped by Andrei Vasilevskiy without a rebound.
18:12 of 2nd period - Nick Suzuki wins face-off versus Logan Cooley in Los Angeles Kings zone.
18:15 of 2nd period - Slapshot by Nick Suzuki.
18:15 of 2nd period - Goal by Nick Suzuki - Hartford Whalers : 5 - Los Angeles Kings : 0.
18:16 of 2nd period - Nick Suzuki wins face-off versus Adam Fantilli in neutral zone.
18:41 of 2nd period - Charlie McAvoy is hit by Vitali Kravtsov.
19:07 of 2nd period - Snap shot by Tomas Tatar.
19:07 of 2nd period - Stopped by Andrei Vasilevskiy with a rebound.
19:30 of 2nd period - Wrist shot by Blake Wheeler.
19:30 of 2nd period - Shot Misses the Net.
19:32 of 2nd period - Wrist shot by Michael Milne.
19:32 of 2nd period - Stopped by Anton Forsberg with a rebound.
19:46 of 2nd period - Noah Dobson is hit by Nick Suzuki and loses puck.
Goals for this period are 2 for Hartford Whalers vs 0 for Los Angeles Kings.
Shots for this period are 15 for Hartford Whalers vs 9 for Los Angeles Kings.
3rd period
0:01 of 3rd period - Joshua Norris wins face-off versus Adam Fantilli in neutral zone.
0:08 of 3rd period - Snap shot by Morgan Frost.
0:08 of 3rd period - Stopped by Andrei Vasilevskiy without a rebound.
0:09 of 3rd period - Adam Fantilli wins face-off versus Joshua Norris in Los Angeles Kings zone.
0:16 of 3rd period - T.J. Oshie is hit by Michael Milne and loses puck.
0:47 of 3rd period - Wrist shot by Andrei Svechnikov.
0:47 of 3rd period - Goal by Andrei Svechnikov - Hartford Whalers : 5 - Los Angeles Kings : 1.
0:48 of 3rd period - Nick Suzuki wins face-off versus Logan Cooley in neutral zone.
1:25 of 3rd period - Noah Dobson is hit by Ryan McDonagh and loses puck.
1:54 of 3rd period - Matthew Coronato is hit by Seth Jarvis and loses puck.
2:11 of 3rd period - Snap shot by Trent Frederic.
2:11 of 3rd period - Shot Blocked by Charlie McAvoy.
2:13 of 3rd period - Snap shot by Michael Milne.
2:13 of 3rd period - Shot Misses the Net.
2:15 of 3rd period - Slapshot by Jakub Zboril.
2:15 of 3rd period - Stopped by Anton Forsberg without a rebound.
2:16 of 3rd period - Joshua Norris wins face-off versus Michael Eyssimont in Hartford Whalers zone.
2:16 of 3rd period - Michael Eyssimont beats up Samuel Girard.
2:16 of 3rd period - Penalty to Michael Eyssimont for Fighting.
2:16 of 3rd period - Penalty to Samuel Girard for Fighting.
2:17 of 3rd period - Adam Fantilli wins face-off versus Nick Suzuki in Hartford Whalers zone.
2:26 of 3rd period - Slapshot by Andrei Svechnikov.
2:26 of 3rd period - Shot Blocked by Tyler Myers.
2:32 of 3rd period - Erik Brannstrom is hit by Matt Duchene and loses puck.
3:30 of 3rd period - Wrist shot by Anthony Cirelli.
3:30 of 3rd period - Stopped by Andrei Vasilevskiy with a rebound.
3:56 of 3rd period - Slapshot by Erik Brannstrom.
3:56 of 3rd period - Stopped by Anton Forsberg with a rebound.
4:30 of 3rd period - Ryan Suter is hit by Blake Wheeler and loses puck.
4:54 of 3rd period - Wrist shot by Nick Suzuki.
4:54 of 3rd period - Shot Misses the Net.
5:26 of 3rd period - Snap shot by Miles Wood.
5:26 of 3rd period - Deflect By Kaapo Kakko.
5:26 of 3rd period - Shot Misses the Net.
5:26 of 3rd period - Puck is out of play.
5:27 of 3rd period - Adam Fantilli wins face-off versus Joshua Norris in Los Angeles Kings zone.
5:38 of 3rd period - Snap shot by Owen Power.
5:38 of 3rd period - Shot Misses the Net.
5:40 of 3rd period - Wrist shot by Michael Milne.
5:40 of 3rd period - Stopped by Anton Forsberg with a rebound.
6:17 of 3rd period - Alexander Romanov is hit by Lukas Reichel and loses puck.
6:24 of 3rd period - Snap shot by Lukas Reichel.
6:24 of 3rd period - Shot Misses the Net.
6:45 of 3rd period - Snap shot by Blake Wheeler.
6:45 of 3rd period - Stopped by Anton Forsberg with a rebound.
6:47 of 3rd period - Snap shot by Trent Frederic.
6:47 of 3rd period - Stopped by Anton Forsberg with a rebound.
6:53 of 3rd period - Wrist shot by Blake Wheeler.
6:53 of 3rd period - Shot Blocked by Miles Wood.
6:57 of 3rd period - Snap shot by Trent Frederic.
6:57 of 3rd period - Shot Hit the Post.
6:59 of 3rd period - Wrist shot by Trent Frederic.
6:59 of 3rd period - Shot Blocked by Tomas Tatar.
7:01 of 3rd period - Wrist shot by Trent Frederic.
7:01 of 3rd period - Shot Misses the Net.
7:05 of 3rd period - Snap shot by Blake Wheeler.
7:05 of 3rd period - Shot Misses the Net.
7:07 of 3rd period - Snap shot by Blake Wheeler.
7:07 of 3rd period - Stopped by Anton Forsberg without a rebound.
7:08 of 3rd period - Matt Duchene wins face-off versus Logan Cooley in Hartford Whalers zone.
7:08 of 3rd period - Matt Duchene is hit by Logan Cooley.
7:24 of 3rd period - Wrist shot by Matt Duchene.
7:24 of 3rd period - Shot Blocked by Peyton Krebs.
7:51 of 3rd period - Minor Penalty to Joshua Norris for High sticking.
7:52 of 3rd period - Miles Wood wins face-off versus Andrei Kuzmenko in Hartford Whalers zone.
7:57 of 3rd period - Snap shot by Samuel Girard.
7:57 of 3rd period - Shot Misses the Net.
8:17 of 3rd period - Kaapo Kakko is hit by Michael Milne and loses puck.
8:46 of 3rd period - Snap shot by Anthony Cirelli.
8:46 of 3rd period - Stopped by Andrei Vasilevskiy without a rebound.
8:47 of 3rd period - Andrei Kuzmenko wins face-off versus Nick Suzuki in Los Angeles Kings zone.
8:52 of 3rd period - Slapshot by Noah Dobson.
8:52 of 3rd period - Goal by Noah Dobson - Hartford Whalers : 5 - Los Angeles Kings : 2.
8:53 of 3rd period - Adam Fantilli wins face-off versus Nick Suzuki in neutral zone.
9:00 of 3rd period - Wrist shot by Noah Dobson.
9:00 of 3rd period - Deflect By Charlie McAvoy.
9:00 of 3rd period - Stopped by Anton Forsberg without a rebound.
9:01 of 3rd period - Adam Fantilli wins face-off versus Nick Suzuki in Hartford Whalers zone.
9:02 of 3rd period - Slapshot by Andrei Svechnikov.
9:02 of 3rd period - Shot Misses the Net.
9:36 of 3rd period - Snap shot by Joshua Norris.
9:36 of 3rd period - Stopped by Andrei Vasilevskiy with a rebound.
9:38 of 3rd period - Slapshot by Ryan McDonagh.
9:38 of 3rd period - Deflect By Joshua Norris.
9:38 of 3rd period - Shot Blocked by Noah Dobson.
9:38 of 3rd period - Puck is out of play.
9:39 of 3rd period - Adam Fantilli wins face-off versus Miles Wood in Los Angeles Kings zone.
10:09 of 3rd period - Tyler Myers is hit by Peyton Krebs and loses puck.
10:56 of 3rd period - Slapshot by Charlie McAvoy.
10:56 of 3rd period - Stopped by Andrei Vasilevskiy with a rebound.
12:30 of 3rd period - Wrist shot by Tomas Tatar.
12:30 of 3rd period - Shot Blocked by K'Andre Miller.
12:32 of 3rd period - Snap shot by Kaapo Kakko.
12:32 of 3rd period - Shot Misses the Net.
12:34 of 3rd period - Snap shot by Miles Wood.
12:34 of 3rd period - Shot Blocked by K'Andre Miller.
12:46 of 3rd period - Blake Wheeler is hit by T.J. Oshie and loses puck.
13:14 of 3rd period - Lukas Reichel is hit by Andrei Svechnikov and loses puck.
14:05 of 3rd period - Wrist shot by Morgan Frost.
14:05 of 3rd period - Shot Blocked by Owen Power.
14:49 of 3rd period - Snap shot by Tomas Tatar.
14:49 of 3rd period - Stopped by Andrei Vasilevskiy without a rebound.
14:50 of 3rd period - Blake Wheeler wins face-off versus Miles Wood in Los Angeles Kings zone.
14:57 of 3rd period - Snap shot by Trent Frederic.
14:57 of 3rd period - Shot Misses the Net.
15:15 of 3rd period - Joshua Norris is hit by K'Andre Miller and loses puck.
15:32 of 3rd period - Snap shot by Nick Suzuki.
15:32 of 3rd period - Stopped by Andrei Vasilevskiy with a rebound.
15:34 of 3rd period - Snap shot by Nick Suzuki.
15:34 of 3rd period - Shot Misses the Net.
15:36 of 3rd period - Snap shot by Samuel Girard.
15:36 of 3rd period - Stopped by Andrei Vasilevskiy without a rebound.
15:37 of 3rd period - Logan Cooley wins face-off versus Joshua Norris in Los Angeles Kings zone.
15:48 of 3rd period - Snap shot by Morgan Frost.
15:48 of 3rd period - Stopped by Andrei Vasilevskiy with a rebound.
15:50 of 3rd period - Snap shot by Morgan Frost.
15:50 of 3rd period - Shot Misses the Net.
15:52 of 3rd period - Slapshot by Charlie McAvoy.
15:52 of 3rd period - Stopped by Andrei Vasilevskiy with a rebound.
16:02 of 3rd period - Matt Duchene is hit by Adam Fantilli and loses puck.
16:07 of 3rd period - Wrist shot by Adam Fantilli.
16:07 of 3rd period - Stopped by Anton Forsberg with a rebound.
16:09 of 3rd period - Wrist shot by Michael Milne.
16:09 of 3rd period - Stopped by Anton Forsberg with a rebound.
16:11 of 3rd period - Slapshot by Erik Brannstrom.
16:11 of 3rd period - Shot Misses the Net.
16:13 of 3rd period - Wrist shot by Adam Fantilli.
16:13 of 3rd period - Goal by Adam Fantilli - Hartford Whalers : 5 - Los Angeles Kings : 3.
16:14 of 3rd period - Miles Wood wins face-off versus Michael Eyssimont in neutral zone.
16:27 of 3rd period - Wrist shot by Miles Wood.
16:27 of 3rd period - Deflect By Tomas Tatar.
16:27 of 3rd period - Shot Misses the Net.
16:27 of 3rd period - Puck is out of play.
16:28 of 3rd period - Logan Cooley wins face-off versus Nick Suzuki in Los Angeles Kings zone.
16:30 of 3rd period - Icing by Noah Dobson.
16:31 of 3rd period - Nick Suzuki wins face-off versus Logan Cooley in Los Angeles Kings zone.
17:06 of 3rd period - Snap shot by Nick Suzuki.
17:06 of 3rd period - Stopped by Andrei Vasilevskiy with a rebound.
17:08 of 3rd period - Snap shot by Matt Duchene.
17:08 of 3rd period - Stopped by Andrei Vasilevskiy without a rebound.
17:09 of 3rd period - Michael Eyssimont wins face-off versus Miles Wood in Los Angeles Kings zone.
17:14 of 3rd period - Wrist shot by Andrei Kuzmenko.
17:14 of 3rd period - Shot Misses the Net.
17:16 of 3rd period - Snap shot by Andrei Kuzmenko.
17:16 of 3rd period - Shot Misses the Net.
17:18 of 3rd period - Snap shot by Alexander Romanov.
17:18 of 3rd period - Stopped by Anton Forsberg with a rebound.
17:20 of 3rd period - Backhand shot by Alexander Romanov.
17:20 of 3rd period - Stopped by Anton Forsberg without a rebound.
17:21 of 3rd period - Miles Wood wins face-off versus Michael Eyssimont in Hartford Whalers zone.
17:43 of 3rd period - Icing by Tomas Tatar.
17:44 of 3rd period - Nick Suzuki wins face-off versus Logan Cooley in Hartford Whalers zone.
18:01 of 3rd period - Slapshot by Ryan Suter.
18:01 of 3rd period - Stopped by Andrei Vasilevskiy with a rebound.
18:24 of 3rd period - Wrist shot by Lukas Reichel.
18:24 of 3rd period - Stopped by Andrei Vasilevskiy with a rebound.
19:02 of 3rd period - Off-side.
19:03 of 3rd period - Nick Suzuki wins face-off versus Logan Cooley in neutral zone.
19:14 of 3rd period - Snap shot by Matt Duchene.
19:14 of 3rd period - Shot Misses the Net.
19:16 of 3rd period - Snap shot by Anthony Cirelli.
19:16 of 3rd period - Stopped by Andrei Vasilevskiy without a rebound.
19:17 of 3rd period - Michael Eyssimont wins face-off versus Kaapo Kakko in Los Angeles Kings zone.
19:24 of 3rd period - Slapshot by Erik Brannstrom.
19:24 of 3rd period - Shot Misses the Net.
19:32 of 3rd period - Snap shot by Andrei Kuzmenko.
19:32 of 3rd period - Deflect By Michael Eyssimont.
19:32 of 3rd period - Shot Misses the Net.
19:32 of 3rd period - Puck is out of play.
19:33 of 3rd period - Blake Wheeler wins face-off versus Tom Wilson in Hartford Whalers zone.
19:34 of 3rd period - Wrist shot by Trent Frederic.
19:34 of 3rd period - Stopped by Anton Forsberg with a rebound.
19:58 of 3rd period - Vitali Kravtsov is hit by Kaapo Kakko.
Goals for this period are 0 for Hartford Whalers vs 3 for Los Angeles Kings.
Shots for this period are 15 for Hartford Whalers vs 15 for Los Angeles Kings.
Back to the Top